cohdb
Replays
Latest Replays
All Replays
Popular Replays
Top Player Replays
Match Explorer
How It Works
Community
CoH3 Stats
Reddit
Sign in to upload your games and track your stats! →
Sign in with Steam
positional match vs Jesulin
Match 32002077
Overview
Messages
Build Orders
End
Pioneer Squad
Construct Infanterie Kompanie
Grenadier Squad
Grenadier Squad
Grenadier Squad
Selects Breakthrough Battlegroup
Selects Assault Grenadiers
MG 42 Machine Gun Team
Medical Station
Selects Rapid Production
Construct Luftwaffe Kompanie
Construct Panzergrenadier Kompanie
Panzergrenadier Squad
Pak 40 Anti-tank Gun Team
Construct Panzer Kompanie
Pak 40 Anti-tank Gun Team
Construct Panzer Kompanie
Selects Blitzkrieg
Panzer IV Medium Tank
Sniper
Panzer IV Medium Tank
Blitzkrieg
Selects Smoke Bombing Run
Selects Incendiary Bombing Run
Incendiary Bombing Run
Panzer Officer Quarters
Incendiary Bombing Run
Grenadier Squad
Reakly
Jesulin
0
0
Comments
sign in to comment!
No comments posted yet!